 Dungeon Crawl Stone Soup version 0.21-a0-317-gd0d0d88 (webtiles) character file.

2335 qqqbard the Cruncher (level 9, -1/56 HPs)
             Began as a Gargoyle Gladiator on Sept 29, 2017.
             Was a Follower of Makhleb.
             Slain by an ogre
             ... wielding a +0 giant spiked club
              (20 damage)
             ... on level 6 of the Dungeon.
             The game lasted 00:06:09 (4246 turns).

qqqbard the Cruncher (Gargoyle Gladiator)           Turns: 4246, Time: 00:06:10

Health: -1/56      AC: 15    Str: 20    XL:     9   Next: 42%
Magic:  9/9        EV: 12    Int: 12    God:    Makhleb [*.....]
Gold:   214        SH:  0    Dex: 11    Spells: 8/8 levels left

rFire    . . .     SeeInvis .   q - +3 quarterstaff (chaos)
rCold    + . .     Gourm    .   (shield currently unavailable)
rNeg     + . .     Faith    .   y - +0 scale mail
rPois    ∞         Spirit   .   c - +0 helmet
rElec    +         Reflect  .   r - +0 cloak
rCorr    .         Harm     .   (no gloves)
MR       +....                  (no boots)
Stlth    ..........             (no amulet)
HPRegen  0.18/turn              o - ring of protection from magic
MPRegen  0.11/turn              C - ring "Ewkunk" {rElec rPois rC+ Int+2}

@: no status effects
A: negative energy resistance 1, electricity resistance, unbreathing,
petrification resistance, rot immunity, AC +5
a: Renounce Religion


You were on level 6 of the Dungeon.
You worshipped Makhleb.
Makhleb was aware of your devotion.
You were very hungry.

You visited 2 branches of the dungeon, and saw 7 of its levels.

You collected 214 gold pieces.

Inventory:

Hand Weapons
 b - a +0 shortbow
 q - a +3 quarterstaff of chaos (weapon)
Missiles
 d - 3 throwing nets (quivered)
 e - 13 arrows
 u - 62 bolts
Armour
 c - a +0 helmet (worn)
 r - a +0 cloak (worn)
 y - a +0 scale mail (worn)
Jewellery
 o - a ring of protection from magic (left hand)
 C - the ring "Ewkunk" (right hand) {rElec rPois rC+ Int+2}
   (You found it on level 5 of the Dungeon)

   [ring of intelligence]

   It affects your intelligence (+2).
   It protects you from cold.
   It insulates you from electricity.
   It protects you from poison.
Wands
 p - a wand of digging (20/24)
 w - a wand of polymorph (13/24)
Scrolls
 h - 5 scrolls of identify {unknown}
 i - 3 scrolls of teleportation
 m - a scroll of remove curse
 A - a scroll of amnesia {unknown}
Potions
 a - 2 potions of resistance {unknown}
 j - a potion of heal wounds
 l - 2 potions of might {unknown}
 n - a potion of agility {unknown}
 s - a potion of lignification {unknown}
 t - 3 potions of curing {unknown}
 v - a potion of berserk rage
 z - a potion of mutation {unknown}
Books
 D - a Young Poisoner's Handbook

   Spells                             Type                      Level
   a - Sting                          Conjuration/Poison           1
   b - Poisonous Vapours              Poison/Air                   2
   c - Mephitic Cloud                 Conjuration/Poison/Air       3
   d - Olgreb's Toxic Radiance        Poison                       4
   e - Venom Bolt                     Conjuration/Poison           5
Comestibles
 f - 3 bread rations
 g - a meat ration
 k - 2 chunks of flesh
 x - a royal jelly


   Skills:
 + Level 6.6 Fighting
 * Level 8.4 Staves
 - Level 1.7 Throwing
 + Level 5.6 Armour
 + Level 5.0 Dodging


You had 8 spell levels left.
You didn't know any spells.

Dungeon Overview and Level Annotations

Branches:
Dungeon (6/15)             Temple (1/1) D:4

Altars:
Ashenzari
Cheibriados
Dithmenos
Elyvilon
Fedhas
Makhleb
Nemelex Xobeh
Okawaru
Qazlal
Ru
Sif Muna
Trog
Uskayaw
Vehumet
Wu Jian
Xom
Yredelemnul

Shops:
D:6 %


Innate Abilities, Weirdness & Mutations

You are resistant to torment.
Your stone body is resilient. (AC +5)
You are immune to poison.
You resist negative energy. (rN+)
You are resistant to electric shocks. (rElec)
You can survive without breathing.
You are immune to petrification.
You are immune to rotting.


Message History

The sky beast is severely wounded.
The sky beast hits you but does no damage.
You miss the sky beast.
The sky beast is severely wounded.
You sock the sky beast!
You kill the sky beast!
Makhleb accepts your kill.
Things that are here:
a giant spiked club; a sky beast corpse; an ogre corpse You hear the rusting of a distant drain.
You are feeling very hungry.
An ogre comes into view. It is wielding a giant spiked club.
The ogre shouts!
You hit the ogre.
The ogre is poisoned.
The ogre is lightly wounded.
The ogre closely misses you.
You barely miss the ogre.
The ogre is lightly wounded.
The ogre hits you with a giant spiked club!!
You die...

########'##)....#
#...........###+#
#.###......##,,,, #.#
#......#,,,,, #.#
########,_,,, #.#
*,,,,, #.# ******
###.######****,**
#.@........,,,,,*
****#O#.#######***<,*
*,,.....# **,*
*,####### *,* *,*
*,*** ******,* *,,,,
****,,,,,,* *****
*,,,,,,,,,*
*≈≈,,,,,,,*


You could see an ogre.

Vanquished Creatures
  Pikel (D:5)
  Prince Ribbit (D:5)
  A sky beast (D:6)
  A slave (D:5)
  8 ogres
  A phantom (D:4)
  A centaur (D:6)
  A bullfrog (D:6)
  A scorpion (D:4)
  A howler monkey (D:6)
  An electric eel (D:6)
  A crimson imp (D:5)
  3 orc priests
  Crazy Yiuf (D:2)
  5 orc wizards
  Jessica (D:2)
  An iguana (D:4)
  Ijyb (D:3)
  3 worker ants
  A hound zombie (D:5)
  A gnoll (D:5)
  4 adders
  An adder skeleton (D:5)
  An adder zombie (D:5)
  4 worms
  A dart slug (D:3)
  A leopard gecko (D:2)
  11 orcs
  A ball python (D:1)
  5 goblins
  5 hobgoblins
  8 jackals
  6 kobolds
  2 quokkas
  9 bats
  7 frilled lizards
  A leopard gecko skeleton (D:4)
  A quokka zombie (D:5)
  5 rats
  A spectral orc (D:3)
110 creatures vanquished.

Vanquished Creatures (others)
  An orc wizard (D:5)
  A jackal (D:6)
2 creatures vanquished.

Grand Total: 112 creatures vanquished

Notes
Turn   | Place    | Note
-------+----------+-------------------------------------------
     0 | D:1      | qqqbard the Gargoyle Gladiator began the quest for the Orb.
     0 | D:1      | Reached XP level 1. HP: 12/12 MP: 1/1
   217 | D:1      | Reached XP level 2. HP: 16/17 MP: 2/2
  1159 | D:2      | Reached XP level 3. HP: 16/22 MP: 3/3
  1209 | D:2      | Reached skill level 1 in Armour
  1326 | D:2      | Noticed Jessica
  1334 | D:2      | Killed Jessica
  1415 | D:2      | Reached XP level 4. HP: 26/27 MP: 4/4
  1488 | D:2      | Found a runed door.
  1492 | D:2      | Noticed Crazy Yiuf
  1503 | D:2      | Killed Crazy Yiuf
  1503 | D:2      | Reached skill level 4 in Staves
  1732 | D:3      | Found a blossoming altar of Fedhas.
  1747 | D:3      | Noticed Ijyb
  1756 | D:3      | Killed Ijyb
  1756 | D:3      | Reached XP level 5. HP: 32/32 MP: 5/5
  1985 | D:3      | Found a basalt altar of Yredelemnul.
  2031 | D:4      | Noticed an ogre
  2031 | D:4      | Noticed an ogre
  2036 | D:4      | Killed an ogre
  2036 | D:4      | Reached XP level 6. HP: 34/37 MP: 6/6
  2044 | D:4      | Reached skill level 5 in Staves
  2368 | D:4      | Found a hide-covered altar of Uskayaw.
  2391 | D:4      | Reached XP level 7. HP: 37/42 MP: 7/7
  2597 | D:4      | Found a staircase to the Ecumenical Temple.
  2639 | Temple   | Entered the Ecumenical Temple
  2876 | Temple   | Became a worshipper of Makhleb the Destroyer
  3055 | D:4      | Found a deep blue altar of Sif Muna.
  3109 | D:4      | Found a shadowy altar of Dithmenos.
  3120 | D:4      | Reached skill level 6 in Staves
  3171 | D:5      | Entered Level 5 of the Dungeon
  3251 | D:5      | Reached XP level 8. HP: 23/48 MP: 8/8
  3421 | D:5      | Got a transparent bone ring
  3431 | D:5      | Identified the ring "Ewkunk" {rElec rPois rC+ Int+2} (You found it on level 5 of the Dungeon)
  3434 | D:5      | Found a bloodstained altar of Trog.
  3434 | D:5      | Found an iron altar of Okawaru.
  3447 | D:5      | Reached skill level 5 in Fighting
  3505 | D:5      | Found a radiant altar of Vehumet.
  3610 | D:5      | Noticed Prince Ribbit
  3616 | D:5      | Killed Prince Ribbit
  3739 | D:5      | Noticed Pikel
  3748 | D:5      | Killed Pikel
  3748 | D:5      | Reached skill level 7 in Staves
  3748 | D:5      | Reached skill level 5 in Armour
  3759 | D:5      | Reached XP level 9. HP: 43/55 MP: 9/9
  3986 | D:6      | Reached * piety under Makhleb
  3993 | D:6      | Found a bloodstained altar of Trog.
  4047 | D:6      | Found Zuann's Food Shoppe.
  4088 | D:6      | Reached skill level 8 in Staves
  4161 | D:6      | HP: 2/56 [ogre/giant spiked club (26)]
  4162 | D:6      | Reached skill level 5 in Dodging
  4246 | D:6      | Slain by an ogre

Vault maps used:
D:1:      dpeg_arrival_court, serial_park_tiny_pond
D:2:      uniq_crazy_yiuf_cottage, uniq_jessica
D:3:      yredelemnul_forgotten_temple_becter, fedhas_altar_3, uniq_ijyb
D:4:      grunt_dithmenos_shadows, old_standard_altar,
          lemuel_coloured_pillars_altar, minmay_temple_entry_hall, first_bread,
          lemuel_old_faithful
D:5:      grunt_temple_overflow_bloody_war, basic_altar, uniq_prince_ribbit1,
          uniq_pikel
D:6:      grunt_temple_overflow_gold_and_silver, basic_altar, serial_shops,
          shop, portal_sewer_entry_e, kennysheep_cluttered_room
Temple:   jpeg_temple_island

Skill      XL: |  1  2  3  4  5  6  7  8  9 |
---------------+----------------------------+-----
Armour         | 1 2 3 5 |  5.6
Staves         | 4 5 6 7 8 |  8.4
Fighting       | 3 4 5 6 |  6.6
Dodging        | 3 4 5 |  5.0
Throwing       | |  1.7

Action                   |  1- 3 |  4- 6 |  7- 9 || total
-------------------------+-------+-------+-------++-------
Melee: Quarterstaff      |    85 |    78 |   191 ||   354
  Use: Scroll            |       |       |     5 ||     5
 Stab: Paralysed         |       |       |     1 ||     1
       Distracted        |       |       |     1 ||     1
       Confused          |       |       |     1 ||     1
  Eat: Chunk             |     2 |     2 |     6 ||    10
Armor: Leather armour    |    53 |    26 |       ||    79
       Skin              |       |     8 |       ||     8
       Scale mail        |       |     7 |    88 ||    95
Dodge: Dodged            |    69 |    48 |    83 ||   200

Table legend:
 A = Spawn XP
 B = Non-spawn XP
 C = Spawn XP percentage of total XP
 D = Spawn monster count
 E = Non-spawn monster count
 F = Spawn count percentage of total count
 G = Total turns spent on level
                    A         B        C        D         E        F      G
               +---------+---------+-------+---------+---------+-------+---------
         Total |       0 |    3337 |   0.0 |       0 |     109 |   0.0 |  4246
               +---------+---------+-------+---------+---------+-------+---------
           D:1 |       0 |      22 |   0.0 |       0 |      10 |   0.0 |  1058
           D:2 |       0 |     114 |   0.0 |       0 |      20 |   0.0 |   540
           D:3 |       0 |      88 |   0.0 |       0 |      20 |   0.0 |   422
           D:4 |       0 |     801 |   0.0 |       0 |      17 |   0.0 |   897
           D:5 |       0 |    1480 |   0.0 |       0 |      24 |   0.0 |   803
           D:6 |       0 |     832 |   0.0 |       0 |      18 |   0.0 |   272
               +---------+---------+-------+---------+---------+-------+---------
